Senators vs Icehogs (R1)

Created - January 22, 2022 at 23:30

Goals
1 2 3 T
Senators 0 2 4 6
Icehogs 1 0 1 2
Shots
1 2 3 T
Senators 3 18 16 37
Icehogs 16 9 6 31

1st period

1. Icehogs , Mikhail Grigorenko 8 (Petter Granberg 10) at 2:22

Penalties :
Zemgus Girgensons (Bel) for Hooking (Minor) at 6:28, Zachary Sanford (Bel) for Interference (Minor) at 15:48

2nd period

2. Senators , Christoph Bertschy 8 (Tomas Jurco 15, Zachary Sanford 9) at 0:46
3. Senators , William Bitten 1 (Kevin Rooney 4, Scott Harrington 3) at 8:11

Penalties :
Chandler Stephenson (Bel) for Holding (Minor) at 3:54, Keegan Lowe (Bel) for Roughing (Minor) at 8:32, Tomas Jurco (Bel) for Hooking (Minor) at 17:23

3rd period

4. Senators , William Bitten 2 (Kevin Rooney 5, A.J. Jenks 4) at 4:40
5. Senators , Dmitry Sinitsyn 2 (Christoph Bertschy 14, Zachary Sanford 10) at 6:21 (PP)
6. Senators , Zemgus Girgensons 12 (Dmitry Sinitsyn 11) at 15:15 (PP)
7. Senators , Christoph Bertschy 9 (Keegan Lowe 10) at 15:21
8. Icehogs , Curtis Lazar 5 (Nick Mattson 7) at 15:51

Penalties :
Ryan Hartman (Roc) for Holding (Minor) at 0:03, Nick Mattson (Roc) for Interference (Minor) at 6:13, Zemgus Girgensons (Bel) for Cross-checking (Minor) at 8:59, Nick Mattson (Roc) for Hooking (Minor) at 12:34, Mike Reilly (Roc) for Hooking (Minor) at 15:01

Goalie Stats

Sami Aittokallio (Bel), 29 saves from 31 shots - (0.935), W, 10-5-1, 60:00 minutes
Joe Cannata (Roc), 31 saves from 37 shots - (0.838), L, 6-8-1, 60:00 minutes

Players Stats for Senators

Player Name              G  A  P  +/- PIM S  H  SB GA TA FO     MP     PP MP  PK MP  
------------------------------------------------------------------------------------
A.J. Jenks               0  1  1   1  0   5  0  1  0  2  0/0    14:45   0:00   3:13 
Adam Ollas-Mattsson      0  0  0   1  0   0  1  1  0  0  0/0    10:05   0:00   0:09 
Anthony Richard          0  0  0   0  0   0  0  0  0  0  0/0     1:58   0:00   1:55 
Chandler Stephenson      0  0  0   0  2   0  1  0  0  1  3/6     7:01   0:00   0:21 
Christoph Bertschy       2  1  3   2  0   3  2  0  1  0  13/25  21:30   2:15   5:18 
Dmitry Sinitsyn          1  1  2   0  0   2  1  3  2  0  0/0    28:24   3:05   6:26 
Dylan Blujus             0  0  0   1  0   2  0  0  1  0  0/0    20:46   1:15   4:42 
Gustav Forsling          0  0  0   0  0   0  0  0  0  0  0/0     2:10   0:00   0:00 
Joonas Lyytinen          0  0  0   1  0   0  0  1  0  0  0/0    13:02   0:00   2:13 
Jordan Schroeder         0  0  0  -1  0   4  1  0  0  1  8/15   18:40   2:05   3:52 
Keegan Lowe              0  1  1   0  2   1  2  0  1  0  0/0    24:58   3:05   5:45 
Kevin Rooney             0  2  2   1  0   3  0  0  1  0  3/4    10:45   0:00   0:00 
Oliver Bjorkstrand       0  0  0  -1  0   2  1  0  0  0  0/1    13:57   2:05   0:00 
Scott Harrington         0  1  1   1  0   1  1  0  0  0  0/0    20:46   1:15   4:42 
Tomas Jurco              0  1  1   2  2   3  4  0  2  1  1/2    21:38   2:15   0:00 
Vitaly Abramov           0  0  0   0  0   0  0  0  0  0  1/3     8:26   0:00   1:23 
William Bitten           2  0  2   1  0   2  0  0  0  0  0/0    10:45   0:00   0:00 
Zachary Sanford          0  2  2   2  2   5  2  0  2  0  1/3    20:41   2:15   4:20 
Zemgus Girgensons        1  0  1  -1  4   4  1  0  0  0  0/1    17:43   2:05   3:17 

Players Stats for Icehogs

Player Name              G  A  P  +/- PIM S  H  SB GA TA FO     MP     PP MP  PK MP  
------------------------------------------------------------------------------------
Andrew Mangiapane        0  0  0   0  0   2  1  0  0  1  0/0    18:40   5:41   1:40 
Clark Bishop             0  0  0   0  0   0  1  0  0  0  2/4     7:33   0:28   0:58 
Craig Cunningham         0  0  0  -1  0   2  0  0  1  1  1/2    21:44   4:53   2:26 
Curtis Lazar             1  0  1   0  0   2  2  0  1  0  0/1    17:00   5:41   0:00 
Dillon Dube              0  0  0  -1  0   0  1  0  0  0  3/6    11:43   0:00   0:00 
Duncan Siemens           0  0  0  -1  0   1  2  1  0  0  0/0    11:34   0:18   1:26 
Jackson Cates            0  0  0   0  0   0  0  0  0  0  0/1     3:52   1:09   0:00 
Julius Honka             0  0  0  -1  0   0  0  0  0  0  0/0    10:29   0:37   0:00 
Mattias Janmark          0  0  0   0  0   1  0  0  0  0  1/1     8:11   0:18   1:21 
Mike Reilly              0  0  0  -2  2   2  2  1  0  2  0/0    22:42   5:33   1:28 
Mikhail Grigorenko       1  0  1  -1  0   4  1  1  0  0  0/0    12:52   1:02   0:00 
Nick Mattson             0  1  1   1  4   3  4  0  0  2  0/0    25:28   5:45   1:26 
Nikita Scherbak          0  0  0  -1  0   3  0  0  0  0  0/0    12:27   0:59   0:00 
Patrick Sieloff          0  0  0  -2  0   0  2  0  0  1  0/0    22:34   5:33   1:24 
Petter Granberg          0  1  1   1  0   1  2  0  2  3  0/0    27:18   6:03   2:56 
Ryan Hartman             0  0  0  -1  2   4  2  1  0  0  15/29  24:24   4:56   1:28 
Sam Reinhart             0  0  0  -1  0   4  1  0  0  0  0/1    19:11   4:53   0:00 
Tanner Richard           0  0  0   0  0   2  0  0  1  0  8/15   17:54   5:41   0:47 

3 Stars

1 - Christoph Bertschy (Bel)
2 - William Bitten (Bel)
3 - Dmitry Sinitsyn (Bel)

Power Play

Senators - 2 on 4 Attempt(s) - 50.00%
Icehogs - 0 on 6 Attempt(s) - 0.00%

Penalty Kill

Senators - 6 on 6 Attempt(s) - 100.00% - Score 0 goal in Penalty Kill
Icehogs - 2 on 4 Attempt(s) - 50.00% - Score 0 goal in Penalty Kill

Team Stat

Senators - Hits : 17 - Faceoff Wins : 30 - Blocked Shots : 6 - Penalty Minutes : 12
Icehogs - Hits : 21 - Faceoff Wins : 30 - Blocked Shots : 4 - Penalty Minutes : 8

Official

Referees : Mitch Dunning and Eric Furlatt
Linesman : Libor Suchanek and Bevan Mills

Game Notes

13:11 of 1st period - Icehogs goal is going for a video replay. After video review, No Goal. The net was displaced accidentally.

Finance

Level 1 -- Attendance: 1934 (96.70%) -- Ticket Income $67,690
Level 2 -- Attendance: 984 (98.40%) -- Ticket Income $14,760
Total Attendance: 2918 (97.27%)
Total Ticket Income: $82,450
Other Income: $4,122
Total Income: $86,572

Senators

5 vs 5 Forward 
   Center                   Left Wing                Right Wing               Time % Phy DF OF 
 1 Christoph Bertschy       Zachary Sanford          Tomas Jurco              35     0   2  3  
 2 Jordan Schroeder         Zemgus Girgensons        Oliver Bjorkstrand       30     0   2  3  
 3 Kevin Rooney             A.J. Jenks               William Bitten           20     0   2  3  
 4 Chandler Stephenson      Vitaly Abramov           Tomas Jurco              15     0   3  2  

5 vs 5 Defense 
   Defense                  Defense                                           Time % Phy DF OF 
 1 Dmitry Sinitsyn          Keegan Lowe                                       40     1   2  2  
 2 Dylan Blujus             Scott Harrington                                  35     1   2  2  
 3 Joonas Lyytinen          Adam Ollas-Mattsson                               20     1   2  2  
 4 Gustav Forsling          Dmitry Sinitsyn                                   5      1   3  1  

PowerPlay Forward 
   Center                   Left Wing                Right Wing               Time % Phy DF OF 
 1 Christoph Bertschy       Zachary Sanford          Tomas Jurco              60     0   1  4  
 2 Jordan Schroeder         Zemgus Girgensons        Oliver Bjorkstrand       40     0   1  4  

PowerPlay Defense
   Defense                  Defense                                           Time % Phy DF OF 
 1 Dmitry Sinitsyn          Keegan Lowe                                       60     0   1  4  
 2 Dylan Blujus             Scott Harrington                                  40     0   1  4  

Penalty Kill 4 Players Forward 
   Center                   Wing                     Time % Phy DF OF 
 1 Christoph Bertschy       Zachary Sanford          60     1   4  0  
 2 Jordan Schroeder         Zemgus Girgensons        40     1   4  0  

Penalty Kill 4 Players Defense
   Defense                  Defense                  Time % Phy DF OF 
 1 Dmitry Sinitsyn          Keegan Lowe              60     1   4  0  
 2 Dylan Blujus             Scott Harrington         40     1   4  0  

Penalty Kill - 3 Players Forward 
   Forward                                           Time % Phy DF OF 
 1 Christoph Bertschy                                60     1   4  0  
 2 Jordan Schroeder                                  40     1   4  0  

Penalty Kill - 3 Players Defense
   Defense                  Defense                  Time % Phy DF OF 
 1 Dmitry Sinitsyn          Keegan Lowe              60     2   3  0  
 2 Dylan Blujus             Scott Harrington         40     2   3  0  

4 vs 4 Forward 
   Center                   Wing                     Time % Phy DF OF 
 1 Christoph Bertschy       Zachary Sanford          55     0   2  3  
 2 Jordan Schroeder         Zemgus Girgensons        45     0   2  3  

4 vs 4 Defense
   Defense                  Defense                  Time % Phy DF OF 
 1 Dmitry Sinitsyn          Keegan Lowe              60     1   2  2  
 2 Dylan Blujus             Scott Harrington         40     1   2  2  

Last Minutes Offensive
   Center                   Left Wing                Right Wing               Defense                  Defense                  
   Christoph Bertschy       Zachary Sanford          Tomas Jurco              Dmitry Sinitsyn          Keegan Lowe              

Last Minutes Defensive
   Center                   Left Wing                Right Wing               Defense                  Defense                  
   Christoph Bertschy       Zachary Sanford          Tomas Jurco              Dmitry Sinitsyn          Keegan Lowe              

Goaltenders
Starting : Sami Aittokallio         
Backup : Scott Wedgewood          

Extra Forwards
Normal : A.J. Jenks, Christoph Bertschy, Jordan Schroeder - PP : A.J. Jenks, Christoph Bertschy - PK : A.J. Jenks
Extra Defensemen
Normal : Joonas Lyytinen, Adam Ollas-Mattsson, Gustav Forsling - PP : Joonas Lyytinen - PK : Joonas Lyytinen, Adam Ollas-Mattsson
Penalty Shots
Tomas Jurco, Oliver Bjorkstrand, Zachary Sanford, Zemgus Girgensons, A.J. Jenks

Scratches
Grant Besse (Healthy), Jack Dougherty (Right Foot Injury), Jake Evans (Healthy), Jonas Siegenthaler (Healthy), Mason Geertsen (Healthy)
Arttu Ruotsalainen (Healthy), Cliff Pu (Healthy), Keven Bouchard (Healthy)

Icehogs

5 vs 5 Forward 
   Center                   Left Wing                Right Wing               Time % Phy DF OF 
 1 Ryan Hartman             Craig Cunningham         Sam Reinhart             40     1   2  2  
 2 Tanner Richard           Andrew Mangiapane        Curtis Lazar             30     1   2  2  
 3 Dillon Dube              Mikhail Grigorenko       Nikita Scherbak          20     1   2  2  
 4 Clark Bishop             Mattias Janmark          Ryan Hartman             10     1   2  2  

5 vs 5 Defense 
   Defense                  Defense                                           Time % Phy DF OF 
 1 Petter Granberg          Nick Mattson                                      40     1   2  2  
 2 Mike Reilly              Patrick Sieloff                                   30     1   2  2  
 3 Julius Honka             Duncan Siemens                                    20     1   2  2  
 4 Petter Granberg          Nick Mattson                                      10     1   2  2  

PowerPlay Forward 
   Center                   Left Wing                Right Wing               Time % Phy DF OF 
 1 Ryan Hartman             Craig Cunningham         Sam Reinhart             60     1   2  2  
 2 Tanner Richard           Andrew Mangiapane        Curtis Lazar             40     1   2  2  

PowerPlay Defense
   Defense                  Defense                                           Time % Phy DF OF 
 1 Petter Granberg          Nick Mattson                                      60     1   2  2  
 2 Mike Reilly              Patrick Sieloff                                   40     1   2  2  

Penalty Kill 4 Players Forward 
   Center                   Wing                     Time % Phy DF OF 
 1 Ryan Hartman             Craig Cunningham         60     1   2  2  
 2 Tanner Richard           Andrew Mangiapane        40     1   2  2  

Penalty Kill 4 Players Defense
   Defense                  Defense                  Time % Phy DF OF 
 1 Petter Granberg          Nick Mattson             60     1   2  2  
 2 Mike Reilly              Patrick Sieloff          40     1   2  2  

Penalty Kill - 3 Players Forward 
   Forward                                           Time % Phy DF OF 
 1 Ryan Hartman                                      60     1   2  2  
 2 Craig Cunningham                                  40     1   2  2  

Penalty Kill - 3 Players Defense
   Defense                  Defense                  Time % Phy DF OF 
 1 Petter Granberg          Nick Mattson             60     1   2  2  
 2 Mike Reilly              Patrick Sieloff          40     1   2  2  

4 vs 4 Forward 
   Center                   Wing                     Time % Phy DF OF 
 1 Ryan Hartman             Craig Cunningham         60     1   2  2  
 2 Tanner Richard           Andrew Mangiapane        40     1   2  2  

4 vs 4 Defense
   Defense                  Defense                  Time % Phy DF OF 
 1 Petter Granberg          Nick Mattson             60     1   2  2  
 2 Mike Reilly              Patrick Sieloff          40     1   2  2  

Last Minutes Offensive
   Center                   Left Wing                Right Wing               Defense                  Defense                  
   Ryan Hartman             Craig Cunningham         Sam Reinhart             Petter Granberg          Nick Mattson             

Last Minutes Defensive
   Center                   Left Wing                Right Wing               Defense                  Defense                  
   Ryan Hartman             Craig Cunningham         Sam Reinhart             Petter Granberg          Nick Mattson             

Goaltenders
Starting : Joe Cannata              
Backup : Mackenzie Blackwood      

Extra Forwards
Normal : Jackson Cates, Mikhail Grigorenko, Mattias Janmark - PP : Jackson Cates, Mikhail Grigorenko - PK : Mattias Janmark
Extra Defensemen
Normal : Julius Honka, Duncan Siemens, Mike Reilly - PP : Julius Honka - PK : Duncan Siemens, Mike Reilly
Penalty Shots
Ryan Hartman, Craig Cunningham, Tanner Richard, Andrew Mangiapane, Sam Reinhart

Scratches
Ben Harpur (Healthy), Calle Andersson (Healthy), JJ. Piccinich (Healthy), Kurtis Gabriel (Healthy), Michael Chaput (Torn Left ACL Injury)
Myles Bell (Healthy), Nick Paul (Healthy), Patrick Russell (Healthy), Ross Johnston (Healthy), Zach Whitecloud (Healthy)
Jeremy Davies (Healthy), Michael Giugovaz (Healthy), Jack LaFontaine (Healthy)

% Time on Ice - Senators

Lines # - Real PCT - Wanted PCT - Time Play
Normal Forward
1 - 33% - 35% - 14:36
2 - 28% - 30% - 12:20
3 - 25% - 20% - 10:45
4 - 14% - 15% - 6:05
Normal Defense
1 - 38% - 40% - 16:51
2 - 34% - 35% - 14:49
3 - 23% - 20% - 9:56
4 - 5% - 5% - 2:10
PP Forward
1 - 52% - 60% - 2:15
2 - 48% - 40% - 2:05
PP Defense
1 - 71% - 60% - 3:05
2 - 29% - 40% - 1:15
PK Forward
1 - 60% - 60% - 7:10
2 - 40% - 40% - 4:44
PK Defense
1 - 61% - 60% - 7:12
2 - 39% - 40% - 4:42
PK3 Forward
1 - 0% - 60%
2 - 0% - 40%
PK3 Defense
1 - 0% - 60%
2 - 0% - 40%
44 Forward
1 - 0% - 55%
2 - 0% - 45%
44 Defense
1 - 0% - 60%
2 - 0% - 40%
Last Minute Offensive  - 0:00
Last Minute Defensive  - 0:00
Total
Forward - 60:00
Defense - 60:00

% Time on Ice - Icehogs

Lines # - Real PCT - Wanted PCT - Time Play
Normal Forward
1 - 33% - 40% - 14:37
2 - 26% - 30% - 11:21
3 - 27% - 20% - 11:43
4 - 14% - 10% - 6:05
Normal Defense
1 - 41% - 40% - 18:06
2 - 36% - 30% - 15:37
3 - 22% - 20% - 9:50
4 - 0% - 10% - 0:13
PP Forward
1 - 44% - 60% - 5:15
2 - 56% - 40% - 6:39
PP Defense
1 - 53% - 60% - 6:21
2 - 47% - 40% - 5:33
PK Forward
1 - 89% - 60% - 3:52
2 - 11% - 40% - 0:28
PK Defense
1 - 68% - 60% - 2:56
2 - 32% - 40% - 1:24
PK3 Forward
1 - 0% - 60%
2 - 0% - 40%
PK3 Defense
1 - 0% - 60%
2 - 0% - 40%
44 Forward
1 - 0% - 60%
2 - 0% - 40%
44 Defense
1 - 0% - 60%
2 - 0% - 40%
Last Minute Offensive  - 0:00
Last Minute Defensive  - 0:00
Total
Forward - 60:00
Defense - 60:00

Play-by-Play

1st period


0:01 of 1st period - Craig Cunningham wins face-off versus Christoph Bertschy in neutral zone.
1:08 of 1st period - Icing by Dylan Blujus.
1:09 of 1st period - Clark Bishop wins face-off versus Vitaly Abramov in Senators zone.
1:10 of 1st period - Snap shot by Ryan Hartman.
1:10 of 1st period - Stopped by Sami Aittokallio with a rebound.
1:12 of 1st period - Slapshot by Duncan Siemens.
1:12 of 1st period - Deflect By Ryan Hartman.
1:12 of 1st period - Shot Misses the Net.
1:12 of 1st period - Puck is out of play.
1:13 of 1st period - Chandler Stephenson wins face-off versus Clark Bishop in Senators zone.
1:40 of 1st period - Zemgus Girgensons is hit by Duncan Siemens and loses puck.
1:57 of 1st period - Craig Cunningham is hit by Keegan Lowe and loses puck.
2:06 of 1st period - Wrist shot by Ryan Hartman.
2:06 of 1st period - Stopped by Sami Aittokallio with a rebound.
2:16 of 1st period - Slapshot by Petter Granberg.
2:16 of 1st period - Shot Misses the Net.
2:18 of 1st period - Wrist shot by Petter Granberg.
2:18 of 1st period - Shot Blocked by Dmitry Sinitsyn.
2:20 of 1st period - Backhand shot by Mikhail Grigorenko.
2:20 of 1st period - Stopped by Sami Aittokallio with a rebound.
2:22 of 1st period - Wrist shot by Mikhail Grigorenko.
2:22 of 1st period - Goal by Mikhail Grigorenko - Senators : 0 - Icehogs : 1.
2:23 of 1st period - Ryan Hartman wins face-off versus Christoph Bertschy in neutral zone.
2:50 of 1st period - Dylan Blujus is hit by Nick Mattson and loses puck.
3:41 of 1st period - Snap shot by Mattias Janmark.
3:41 of 1st period - Stopped by Sami Aittokallio with a rebound.
3:57 of 1st period - Wrist shot by Sam Reinhart.
3:57 of 1st period - Stopped by Sami Aittokallio with a rebound.
5:37 of 1st period - Snap shot by Craig Cunningham.
5:37 of 1st period - Shot Misses the Net.
5:39 of 1st period - Slapshot by Duncan Siemens.
5:39 of 1st period - Shot Misses the Net.
5:41 of 1st period - Snap shot by Sam Reinhart.
5:41 of 1st period - Stopped by Sami Aittokallio with a rebound.
5:43 of 1st period - Slapshot by Duncan Siemens.
5:43 of 1st period - Stopped by Sami Aittokallio with a rebound.
6:28 of 1st period - Minor Penalty to Zemgus Girgensons for Hooking.
6:29 of 1st period - Tanner Richard wins face-off versus Christoph Bertschy in Senators zone.
6:40 of 1st period - Wrist shot by Curtis Lazar.
6:40 of 1st period - Shot Misses the Net.
6:42 of 1st period - Slapshot by Nick Mattson.
6:42 of 1st period - Deflect By Dmitry Sinitsyn.
6:42 of 1st period - Stopped by Sami Aittokallio with a rebound.
8:28 of 1st period - Penalty to Zemgus Girgensons is over, Zemgus Girgensons is back on ice.
8:34 of 1st period - Snap shot by Jordan Schroeder.
8:34 of 1st period - Stopped by Joe Cannata with a rebound.
9:23 of 1st period - Icing by Tanner Richard.
9:24 of 1st period - Dillon Dube wins face-off versus Chandler Stephenson in Icehogs zone.
9:29 of 1st period - Adam Ollas-Mattsson is hit by Dillon Dube and loses puck.
10:24 of 1st period - Nick Mattson is hit by Oliver Bjorkstrand and loses puck.
10:41 of 1st period - Dmitry Sinitsyn is hit by Sam Reinhart and loses puck.
12:21 of 1st period - Off-side.
12:22 of 1st period - Kevin Rooney wins face-off versus Jackson Cates in neutral zone.
12:59 of 1st period - Wrist shot by Sam Reinhart.
12:59 of 1st period - Deflect By Craig Cunningham.
12:59 of 1st period - Shot Misses the Net.
12:59 of 1st period - Puck is out of play.
13:00 of 1st period - Christoph Bertschy wins face-off versus Tanner Richard in Senators zone.
13:09 of 1st period - Wrist shot by Tanner Richard.
13:09 of 1st period - Shot Misses the Net.
13:11 of 1st period - Wrist shot by Tanner Richard.
13:11 of 1st period - Icehogs goal is going for a video replay.
13:11 of 1st period - The goal is refused. The net was displaced accidentally..
13:12 of 1st period - Tanner Richard wins face-off versus Christoph Bertschy in Senators zone.
13:25 of 1st period - Snap shot by Christoph Bertschy.
13:25 of 1st period - Stopped by Joe Cannata without a rebound.
13:26 of 1st period - Christoph Bertschy wins face-off versus Craig Cunningham in Icehogs zone.
14:03 of 1st period - Snap shot by Tanner Richard.
14:03 of 1st period - Stopped by Sami Aittokallio without a rebound.
14:04 of 1st period - Ryan Hartman wins face-off versus Christoph Bertschy in Senators zone.
14:13 of 1st period - Snap shot by Sam Reinhart.
14:13 of 1st period - Stopped by Sami Aittokallio with a rebound.
14:56 of 1st period - Dylan Blujus is hit by Patrick Sieloff and loses puck.
15:23 of 1st period - Oliver Bjorkstrand is hit by Petter Granberg and loses puck.
15:40 of 1st period - Snap shot by Mikhail Grigorenko.
15:40 of 1st period - Stopped by Sami Aittokallio without a rebound.
15:41 of 1st period - Dillon Dube wins face-off versus Christoph Bertschy in Senators zone.
15:46 of 1st period - Slapshot by Mikhail Grigorenko.
15:46 of 1st period - Shot Blocked by Joonas Lyytinen.
15:48 of 1st period - Minor Penalty to Zachary Sanford for Interference.
15:49 of 1st period - Christoph Bertschy wins face-off versus Ryan Hartman in Senators zone.
16:01 of 1st period - Backhand shot by Ryan Hartman.
16:01 of 1st period - Stopped by Sami Aittokallio with a rebound.
16:05 of 1st period - Snap shot by Craig Cunningham.
16:05 of 1st period - Stopped by Sami Aittokallio with a rebound.
17:48 of 1st period - Penalty to Zachary Sanford is over, Zachary Sanford is back on ice.
17:55 of 1st period - Wrist shot by Chandler Stephenson.
17:55 of 1st period - Shot Misses the Net.
17:57 of 1st period - Wrist shot by Dylan Blujus.
17:57 of 1st period - Stopped by Joe Cannata without a rebound.
17:58 of 1st period - Chandler Stephenson wins face-off versus Dillon Dube in Icehogs zone.
17:59 of 1st period - Snap shot by Tomas Jurco.
17:59 of 1st period - Shot Blocked by Mikhail Grigorenko.
18:23 of 1st period - A.J. Jenks is hit by Clark Bishop and loses puck.
19:12 of 1st period - Tomas Jurco is hit by Petter Granberg and loses puck.
19:25 of 1st period - Slapshot by Petter Granberg.
19:25 of 1st period - Stopped by Sami Aittokallio without a rebound.
19:26 of 1st period - Jordan Schroeder wins face-off versus Tanner Richard in Senators zone.
19:26 of 1st period - Jordan Schroeder is hit by Curtis Lazar.
Goals for this period are 0 for Senators vs 1 for Icehogs.
Shots for this period are 3 for Senators vs 16 for Icehogs.

2nd period


0:01 of 2nd period - Christoph Bertschy wins face-off versus Ryan Hartman in neutral zone.
0:28 of 2nd period - Snap shot by Nikita Scherbak.
0:28 of 2nd period - Stopped by Sami Aittokallio with a rebound.
0:42 of 2nd period - Snap shot by Christoph Bertschy.
0:42 of 2nd period - Shot Misses the Net.
0:44 of 2nd period - Wrist shot by Tomas Jurco.
0:44 of 2nd period - Stopped by Joe Cannata with a rebound.
0:46 of 2nd period - Wrist shot by Christoph Bertschy.
0:46 of 2nd period - Goal by Christoph Bertschy - Senators : 1 - Icehogs : 1.
0:47 of 2nd period - Ryan Hartman wins face-off versus Jordan Schroeder in neutral zone.
0:55 of 2nd period - Icing by Scott Harrington.
0:56 of 2nd period - Jordan Schroeder wins face-off versus Ryan Hartman in Senators zone.
1:00 of 2nd period - Off-side.
1:01 of 2nd period - Ryan Hartman wins face-off versus Christoph Bertschy in neutral zone.
1:12 of 2nd period - Tomas Jurco is hit by Ryan Hartman and loses puck.
1:31 of 2nd period - Slapshot by Dmitry Sinitsyn.
1:31 of 2nd period - Deflect By Zachary Sanford.
1:31 of 2nd period - Shot Misses the Net.
1:31 of 2nd period - Puck is out of play.
1:32 of 2nd period - Tanner Richard wins face-off versus Jordan Schroeder in Icehogs zone.
1:36 of 2nd period - Off-side.
1:37 of 2nd period - Tanner Richard wins face-off versus Jordan Schroeder in neutral zone.
1:40 of 2nd period - Wrist shot by Mike Reilly.
1:40 of 2nd period - Stopped by Sami Aittokallio without a rebound.
1:41 of 2nd period - Jordan Schroeder wins face-off versus Tanner Richard in Senators zone.
1:58 of 2nd period - Snap shot by Jordan Schroeder.
1:58 of 2nd period - Stopped by Joe Cannata with a rebound.
2:00 of 2nd period - Snap shot by Jordan Schroeder.
2:00 of 2nd period - Shot Blocked by Mike Reilly.
2:02 of 2nd period - Slapshot by Scott Harrington.
2:02 of 2nd period - Stopped by Joe Cannata with a rebound.
2:04 of 2nd period - Snap shot by Jordan Schroeder.
2:04 of 2nd period - Stopped by Joe Cannata without a rebound.
2:05 of 2nd period - Christoph Bertschy wins face-off versus Ryan Hartman in Icehogs zone.
2:40 of 2nd period - Snap shot by Nikita Scherbak.
2:40 of 2nd period - Stopped by Sami Aittokallio with a rebound.
2:42 of 2nd period - Snap shot by Nikita Scherbak.
2:42 of 2nd period - Shot Blocked by Dmitry Sinitsyn.
2:44 of 2nd period - Slapshot by Nick Mattson.
2:44 of 2nd period - Stopped by Sami Aittokallio without a rebound.
2:45 of 2nd period - Tanner Richard wins face-off versus Oliver Bjorkstrand in Senators zone.
3:10 of 2nd period - Ryan Hartman is hit by Tomas Jurco and loses puck.
3:54 of 2nd period - Minor Penalty to Chandler Stephenson for Holding.
3:55 of 2nd period - Zachary Sanford wins face-off versus Ryan Hartman in Senators zone.
5:29 of 2nd period - Craig Cunningham is hit by Dmitry Sinitsyn.
5:52 of 2nd period - A.J. Jenks is hit by Patrick Sieloff and loses puck.
5:54 of 2nd period - Penalty to Chandler Stephenson is over, Chandler Stephenson is back on ice.
6:11 of 2nd period - Wrist shot by A.J. Jenks.
6:11 of 2nd period - Stopped by Joe Cannata with a rebound.
6:41 of 2nd period - Icing by Christoph Bertschy.
6:42 of 2nd period - Clark Bishop wins face-off versus Kevin Rooney in Senators zone.
7:09 of 2nd period - Nick Mattson is hit by Zachary Sanford.
7:17 of 2nd period - Snap shot by Zachary Sanford.
7:17 of 2nd period - Shot Misses the Net.
7:29 of 2nd period - Snap shot by Jordan Schroeder.
7:29 of 2nd period - Shot Misses the Net.
7:47 of 2nd period - Snap shot by Sam Reinhart.
7:47 of 2nd period - Deflect By Dylan Blujus.
7:47 of 2nd period - Stopped by Sami Aittokallio with a rebound.
8:07 of 2nd period - Slapshot by Scott Harrington.
8:07 of 2nd period - Shot Misses the Net.
8:09 of 2nd period - Slapshot by Kevin Rooney.
8:09 of 2nd period - Stopped by Joe Cannata with a rebound.
8:11 of 2nd period - Snap shot by William Bitten.
8:11 of 2nd period - Goal by William Bitten - Senators : 2 - Icehogs : 1.
8:12 of 2nd period - Ryan Hartman wins face-off versus Christoph Bertschy in neutral zone.
8:21 of 2nd period - Slapshot by Tomas Jurco.
8:21 of 2nd period - Shot Blocked by Ryan Hartman.
8:23 of 2nd period - Wrist shot by Zachary Sanford.
8:23 of 2nd period - Stopped by Joe Cannata without a rebound.
8:24 of 2nd period - Christoph Bertschy wins face-off versus Sam Reinhart in Icehogs zone.
8:32 of 2nd period - Minor Penalty to Keegan Lowe for Roughing.
8:33 of 2nd period - Christoph Bertschy wins face-off versus Ryan Hartman in Senators zone.
8:59 of 2nd period - Joonas Lyytinen is hit by Andrew Mangiapane and loses puck.
9:37 of 2nd period - Icing by Curtis Lazar.
9:38 of 2nd period - Christoph Bertschy wins face-off versus Ryan Hartman in Icehogs zone.
10:32 of 2nd period - Penalty to Keegan Lowe is over, Keegan Lowe is back on ice.
11:11 of 2nd period - Snap shot by Kevin Rooney.
11:11 of 2nd period - Stopped by Joe Cannata with a rebound.
12:05 of 2nd period - Scott Harrington is hit by Ryan Hartman and loses puck.
12:26 of 2nd period - Jordan Schroeder is hit by Nick Mattson and loses puck.
12:45 of 2nd period - Snap shot by A.J. Jenks.
12:45 of 2nd period - Stopped by Joe Cannata with a rebound.
13:03 of 2nd period - Wrist shot by Mikhail Grigorenko.
13:03 of 2nd period - Stopped by Sami Aittokallio with a rebound.
13:05 of 2nd period - Wrist shot by Mikhail Grigorenko.
13:05 of 2nd period - Shot Misses the Net.
13:07 of 2nd period - Slapshot by Nick Mattson.
13:07 of 2nd period - Stopped by Sami Aittokallio without a rebound.
13:08 of 2nd period - Christoph Bertschy wins face-off versus Dillon Dube in Senators zone.
13:13 of 2nd period - Petter Granberg is hit by Zachary Sanford and loses puck.
13:33 of 2nd period - Mikhail Grigorenko is hit by Zemgus Girgensons.
13:58 of 2nd period - Slapshot by Nikita Scherbak.
13:58 of 2nd period - Stopped by Sami Aittokallio without a rebound.
13:59 of 2nd period - Christoph Bertschy wins face-off versus Tanner Richard in Senators zone.
14:04 of 2nd period - Mike Reilly is hit by Christoph Bertschy and loses puck.
14:13 of 2nd period - Slapshot by Mike Reilly.
14:13 of 2nd period - Shot Blocked by Adam Ollas-Mattsson.
14:15 of 2nd period - Snap shot by Andrew Mangiapane.
14:15 of 2nd period - Stopped by Sami Aittokallio with a rebound.
15:03 of 2nd period - Keegan Lowe is hit by Curtis Lazar and loses puck.
15:48 of 2nd period - Nick Mattson is hit by Scott Harrington and loses puck.
16:01 of 2nd period - A.J. Jenks is hit by Nick Mattson and loses puck.
16:21 of 2nd period - Oliver Bjorkstrand is hit by Mike Reilly and loses puck.
16:34 of 2nd period - Craig Cunningham is hit by Tomas Jurco and loses puck.
17:00 of 2nd period - Icing by Craig Cunningham.
17:01 of 2nd period - Ryan Hartman wins face-off versus Vitaly Abramov in Icehogs zone.
17:01 of 2nd period - Ryan Hartman is hit by Chandler Stephenson.
17:15 of 2nd period - Snap shot by Andrew Mangiapane.
17:15 of 2nd period - Shot Misses the Net.
17:17 of 2nd period - Wrist shot by Curtis Lazar.
17:17 of 2nd period - Shot Misses the Net.
17:23 of 2nd period - Minor Penalty to Tomas Jurco for Hooking.
17:24 of 2nd period - Christoph Bertschy wins face-off versus Curtis Lazar in Senators zone.
18:17 of 2nd period - Snap shot by Zachary Sanford.
18:17 of 2nd period - Stopped by Joe Cannata without a rebound.
18:18 of 2nd period - Jordan Schroeder wins face-off versus Ryan Hartman in Icehogs zone.
18:29 of 2nd period - Wrist shot by Zemgus Girgensons.
18:29 of 2nd period - Shot Misses the Net.
19:23 of 2nd period - Penalty to Tomas Jurco is over, Tomas Jurco is back on ice.
19:34 of 2nd period - Slapshot by Dylan Blujus.
19:34 of 2nd period - Stopped by Joe Cannata without a rebound.
19:35 of 2nd period - Kevin Rooney wins face-off versus Dillon Dube in Icehogs zone.
19:42 of 2nd period - Slapshot by A.J. Jenks.
19:42 of 2nd period - Stopped by Joe Cannata without a rebound.
19:43 of 2nd period - Ryan Hartman wins face-off versus Zemgus Girgensons in Icehogs zone.
19:50 of 2nd period - Wrist shot by Zemgus Girgensons.
19:50 of 2nd period - Stopped by Joe Cannata without a rebound.
19:51 of 2nd period - Jordan Schroeder wins face-off versus Ryan Hartman in Icehogs zone.
19:52 of 2nd period - Snap shot by Oliver Bjorkstrand.
19:52 of 2nd period - Stopped by Joe Cannata with a rebound.
19:54 of 2nd period - Slapshot by Dmitry Sinitsyn.
19:54 of 2nd period - Stopped by Joe Cannata with a rebound.
19:56 of 2nd period - Snap shot by Oliver Bjorkstrand.
19:56 of 2nd period - Shot Misses the Net.
19:58 of 2nd period - Snap shot by Oliver Bjorkstrand.
19:58 of 2nd period - Stopped by Joe Cannata with a rebound.
Goals for this period are 2 for Senators vs 0 for Icehogs.
Shots for this period are 18 for Senators vs 9 for Icehogs.

3rd period


0:01 of 3rd period - Ryan Hartman wins face-off versus Christoph Bertschy in neutral zone.
0:03 of 3rd period - Minor Penalty to Ryan Hartman for Holding.
0:04 of 3rd period - Mattias Janmark wins face-off versus Christoph Bertschy in Icehogs zone.
2:03 of 3rd period - Penalty to Ryan Hartman is over, Ryan Hartman is back on ice.
2:23 of 3rd period - Wrist shot by Patrick Sieloff.
2:23 of 3rd period - Shot Blocked by A.J. Jenks.
2:25 of 3rd period - Slapshot by Patrick Sieloff.
2:25 of 3rd period - Shot Hit the Post.
2:45 of 3rd period - Snap shot by A.J. Jenks.
2:45 of 3rd period - Stopped by Joe Cannata without a rebound.
2:46 of 3rd period - Ryan Hartman wins face-off versus Chandler Stephenson in Icehogs zone.
3:07 of 3rd period - Wrist shot by Zemgus Girgensons.
3:07 of 3rd period - Shot Misses the Net.
3:09 of 3rd period - Snap shot by Jordan Schroeder.
3:09 of 3rd period - Stopped by Joe Cannata without a rebound.
3:10 of 3rd period - Tanner Richard wins face-off versus Jordan Schroeder in Icehogs zone.
4:24 of 3rd period - Slapshot by Petter Granberg.
4:24 of 3rd period - Deflect By Andrew Mangiapane.
4:24 of 3rd period - Stopped by Sami Aittokallio with a rebound.
4:38 of 3rd period - Wrist shot by Kevin Rooney.
4:38 of 3rd period - Stopped by Joe Cannata with a rebound.
4:40 of 3rd period - Wrist shot by William Bitten.
4:40 of 3rd period - Goal by William Bitten - Senators : 3 - Icehogs : 1.
4:41 of 3rd period - Ryan Hartman wins face-off versus Christoph Bertschy in neutral zone.
4:46 of 3rd period - Wrist shot by Craig Cunningham.
4:46 of 3rd period - Shot Misses the Net.
4:58 of 3rd period - Patrick Sieloff is hit by Christoph Bertschy and loses puck.
6:07 of 3rd period - Wrist shot by Tomas Jurco.
6:07 of 3rd period - Deflect By Mattias Janmark.
6:07 of 3rd period - Stopped by Joe Cannata with a rebound.
6:13 of 3rd period - Minor Penalty to Nick Mattson for Interference.
6:14 of 3rd period - Christoph Bertschy wins face-off versus Ryan Hartman in Icehogs zone.
6:19 of 3rd period - Snap shot by Christoph Bertschy.
6:19 of 3rd period - Shot Blocked by Duncan Siemens.
6:21 of 3rd period - Slapshot by Dmitry Sinitsyn.
6:21 of 3rd period - Goal by Dmitry Sinitsyn - Senators : 4 - Icehogs : 1.
6:22 of 3rd period - Tomas Jurco wins face-off versus Ryan Hartman in neutral zone.
6:28 of 3rd period - Icing by Petter Granberg.
6:29 of 3rd period - Ryan Hartman wins face-off versus Zachary Sanford in Icehogs zone.
7:03 of 3rd period - Snap shot by Craig Cunningham.
7:03 of 3rd period - Shot Misses the Net.
7:23 of 3rd period - Slapshot by Nick Mattson.
7:23 of 3rd period - Shot Blocked by Dmitry Sinitsyn.
7:53 of 3rd period - Wrist shot by Craig Cunningham.
7:53 of 3rd period - Stopped by Sami Aittokallio with a rebound.
8:01 of 3rd period - Keegan Lowe is hit by Nick Mattson and loses puck.
8:12 of 3rd period - Snap shot by Ryan Hartman.
8:12 of 3rd period - Stopped by Sami Aittokallio with a rebound.
8:40 of 3rd period - Wrist shot by Zachary Sanford.
8:40 of 3rd period - Stopped by Joe Cannata with a rebound.
8:42 of 3rd period - Wrist shot by Tomas Jurco.
8:42 of 3rd period - Stopped by Joe Cannata with a rebound.
8:44 of 3rd period - Slapshot by Zachary Sanford.
8:44 of 3rd period - Stopped by Joe Cannata without a rebound.
8:45 of 3rd period - Tanner Richard wins face-off versus Jordan Schroeder in Icehogs zone.
8:59 of 3rd period - Minor Penalty to Zemgus Girgensons for Cross-checking.
9:00 of 3rd period - Jordan Schroeder wins face-off versus Tanner Richard in Senators zone.
10:59 of 3rd period - Penalty to Zemgus Girgensons is over, Zemgus Girgensons is back on ice.
11:06 of 3rd period - Off-side.
11:07 of 3rd period - Dillon Dube wins face-off versus Jordan Schroeder in neutral zone.
11:10 of 3rd period - Dmitry Sinitsyn is hit by Mikhail Grigorenko.
11:39 of 3rd period - Icing by Patrick Sieloff.
11:40 of 3rd period - Vitaly Abramov wins face-off versus Clark Bishop in Icehogs zone.
11:43 of 3rd period - Snap shot by Chandler Stephenson.
11:43 of 3rd period - Shot Misses the Net.
12:06 of 3rd period - Wrist shot by A.J. Jenks.
12:06 of 3rd period - Stopped by Joe Cannata without a rebound.
12:07 of 3rd period - Kevin Rooney wins face-off versus Tanner Richard in Icehogs zone.
12:32 of 3rd period - Wrist shot by Zachary Sanford.
12:32 of 3rd period - Stopped by Joe Cannata with a rebound.
12:34 of 3rd period - Minor Penalty to Nick Mattson for Hooking.
12:35 of 3rd period - Ryan Hartman wins face-off versus Zachary Sanford in Icehogs zone.
12:35 of 3rd period - Ryan Hartman is hit by Tomas Jurco.
13:19 of 3rd period - Icing by Dmitry Sinitsyn.
13:20 of 3rd period - Jordan Schroeder wins face-off versus Ryan Hartman in Senators zone.
14:34 of 3rd period - Penalty to Nick Mattson is over, Nick Mattson is back on ice.
15:01 of 3rd period - Minor Penalty to Mike Reilly for Hooking.
15:02 of 3rd period - Jordan Schroeder wins face-off versus Ryan Hartman in Icehogs zone.
15:03 of 3rd period - Wrist shot by Zemgus Girgensons.
15:03 of 3rd period - Stopped by Joe Cannata with a rebound.
15:05 of 3rd period - Slapshot by Zemgus Girgensons.
15:05 of 3rd period - Stopped by Joe Cannata without a rebound.
15:06 of 3rd period - Ryan Hartman wins face-off versus Jordan Schroeder in Icehogs zone.
15:15 of 3rd period - Snap shot by Zemgus Girgensons.
15:15 of 3rd period - Goal by Zemgus Girgensons - Senators : 5 - Icehogs : 1.
15:16 of 3rd period - Christoph Bertschy wins face-off versus Ryan Hartman in neutral zone.
15:19 of 3rd period - Snap shot by Keegan Lowe.
15:19 of 3rd period - Stopped by Joe Cannata with a rebound.
15:21 of 3rd period - Slapshot by Christoph Bertschy.
15:21 of 3rd period - Goal by Christoph Bertschy - Senators : 6 - Icehogs : 1.
15:22 of 3rd period - Ryan Hartman wins face-off versus Christoph Bertschy in neutral zone.
15:51 of 3rd period - Snap shot by Curtis Lazar.
15:51 of 3rd period - Goal by Curtis Lazar - Senators : 6 - Icehogs : 2.
15:52 of 3rd period - Ryan Hartman wins face-off versus Tomas Jurco in neutral zone.
16:03 of 3rd period - Craig Cunningham is hit by Keegan Lowe and loses puck.
17:21 of 3rd period - Christoph Bertschy is hit by Duncan Siemens and loses puck.
17:36 of 3rd period - Jordan Schroeder is hit by Mike Reilly and loses puck.
18:05 of 3rd period - Tanner Richard is hit by Adam Ollas-Mattsson.
18:43 of 3rd period - Mikhail Grigorenko is hit by Tomas Jurco and loses puck.
19:05 of 3rd period - Snap shot by Curtis Lazar.
19:05 of 3rd period - Stopped by Sami Aittokallio without a rebound.
19:06 of 3rd period - Tanner Richard wins face-off versus Chandler Stephenson in Senators zone.
19:07 of 3rd period - Slapshot by Mike Reilly.
19:07 of 3rd period - Stopped by Sami Aittokallio without a rebound.
19:08 of 3rd period - Chandler Stephenson wins face-off versus Tanner Richard in Senators zone.
19:15 of 3rd period - Slapshot by Adam Ollas-Mattsson.
19:15 of 3rd period - Shot Misses the Net.
19:33 of 3rd period - Craig Cunningham is hit by Jordan Schroeder and loses puck.
19:38 of 3rd period - Snap shot by Jordan Schroeder.
19:38 of 3rd period - Shot Misses the Net.
Goals for this period are 4 for Senators vs 1 for Icehogs.
Shots for this period are 16 for Senators vs 6 for Icehogs. Output by the SimonT Hockey Simulator (STHS) for Francois Prevost - Original Page W3C HTML5 Valid
Hockey Simulator - Hockey Simulation - Hockey Manager